 Dungeon Crawl Stone Soup version 0.20.1-1-g8b1a95d (webtiles) character file.

67722 Kosschaser the Unseen (level 15, -2/113 HPs)
             Began as a Merfolk Enchanter on July 5, 2017.
             Was a High Priest of Dithmenos.
             Killed from afar by a thorn hunter (26 damage)
             ... with a volley of thorns
             ... on level 2 of the Swamp on July 7, 2017.
             The game lasted 02:46:14 (29723 turns).

Kosschaser the Unseen (Merfolk Enchanter)          Turns: 29723, Time: 02:46:15

Health: -2/113     AC: 11    Str:  8    XL:     15   Next: 24%
Magic:  28/28      EV: 23    Int: 15    God:    Dithmenos [*****.]
Gold:   2280       SH:  0    Dex: 30    Spells: 21/33 levels left

rFire    + + .     SeeInvis .   n - +5 dagger (distort)
rCold    + + .     Gourm    .   (no shield)
rNeg     . . .     Faith    .   D - +4 troll leather armour
rPois    .         Spirit   .   (helmet restricted)
rElec    .         Reflect  .   K - scarf {rC+ rF+}
rCorr    .         Harm     .   (no gloves)
MR       ++...                  g - +0 pair of boots
Stlth    ++++++++++             b - amulet of magic regeneration
Regen    1.1/turn               C - ring of Dim Light {*Slow +Inv rF+ rC+ Dex+9}
MPRegen  0.4/turn               R - -2 ring of evasion (curse)

@: lethally poisoned (-2 -> -2), about to teleport, slowed, wreathed by umbra,
very slow
A: change form in water, swift swim, stealthy swim, horns 1, yellow scales 1,
magic resistance 1, regeneration 1
a: Shadow Step, Shadow Form, Renounce Religion, Evoke Invisibility


You were on level 2 of the Swamp.
You worshipped Dithmenos.
Dithmenos was extremely pleased with you.
You were near starving.

You visited 4 branches of the dungeon, and saw 22 of its levels.
You visited the Abyss 1 time.
You also visited: Bailey.

You collected 2280 gold pieces.

Inventory:

Hand Weapons
 n - a +5 dagger of distortion (weapon)
Armour
 g - a +0 pair of boots (worn)
 D - a +4 troll leather armour (worn)
 K - a scarf of resistance (worn)
Jewellery
 b - an amulet of magic regeneration (around neck)
 h - an uncursed ring of positive energy
 m - an uncursed ring of poison resistance
 C - the ring of Dim Light (left hand) {*Slow +Inv rF+ rC+ Dex+9}
   (You acquired it in a bailey)

   [ring of protection from fire]

   It affects your dexterity (+9).
   It protects you from fire.
   It protects you from cold.
   It lets you turn invisible.
   It may slow you when you take damage.
 R - a cursed -2 ring of evasion (right hand)
 U - an uncursed ring of stealth
 W - an uncursed ring of resist corrosion
Wands
 i - a wand of iceblast (9/15)
 u - a wand of paralysis (24/24)
 F - a wand of acid (7/15)
 I - a wand of confusion (45/48)
 O - a wand of lightning (1/15)
 Q - a wand of acid (4/15)
 T - a wand of disintegration (7/24)
 X - a wand of lightning (5/15)
Scrolls
 j - a scroll of summoning
 l - 2 scrolls of amnesia
 o - 2 scrolls of holy word
 s - 2 scrolls of magic mapping
 w - 4 scrolls of teleportation
 y - 2 scrolls of fog
 A - 2 scrolls of fear
 E - 3 scrolls of recharging
 S - a scroll of enchant armour
 Y - a scroll of remove curse
Potions
 e - a potion of berserk rage
 f - 5 potions of curing
 p - 4 potions of haste
 q - 4 potions of brilliance
 r - 2 potions of mutation
 t - 2 potions of resistance
 x - 2 potions of agility
 z - a potion of heal wounds
 B - 2 potions of invisibility
 J - a potion of flight {unknown}
 L - a potion of cancellation {unknown}
 N - a potion of ambrosia {unknown}
 P - 3 potions of might {unknown}
Books
 a - a book of Minor Magic

   Spells                             Type                      Level
   a - Magic Dart                     Conjuration                  1
   b - Blink                          Translocation                2
   c - Call Imp                       Summoning                    2
   d - Slow                           Hexes                        2
   e - Conjure Flame                  Conjuration/Fire             3
   f - Mephitic Cloud                 Conjuration/Poison/Air       3
 c - a book of Maledictions

   Spells                             Type                      Level
   a - Corona                         Hexes                        1
   b - Ensorcelled Hibernation        Hexes/Ice                    2
   c - Confuse                        Hexes                        3
   d - Tukima's Dance                 Hexes                        3
   e - Dazzling Spray                 Conjuration/Hexes            3
 G - a Fen Folio

   Spells                             Type                      Level
   a - Corpse Rot                     Necromancy                   2
   b - Stone Arrow                    Conjuration/Earth            3
   c - Leda's Liquefaction            Hexes/Earth                  4
   d - Summon Forest                  Summoning/Translocation      5
   e - Hydra Form                     Transmutation                6
   f - Summon Hydra                   Summoning                    7
Miscellaneous
 M - a lightning rod (4/4)
Comestibles
 d - 14 bread rations
 k - 4 meat rations
 v - 13 fruits
 H - 24 royal jellies


   Skills:
 + Level 9.2 Fighting
 + Level 11.2 Short Blades
 + Level 4.3 Armour
 + Level 12.3 Dodging
 + Level 16.6 Stealth
 + Level 9.5 Spellcasting
 + Level 2.3 Conjurations
 + Level 10.4 Hexes
 + Level 0.9 Invocations
 + Level 4.6 Evocations


You had 21 spell levels left.
You knew the following spells:

 Your Spells              Type           Power        Failure   Level  Hunger
a - Corona                Hex            #####..      1%          1    None
b - Confuse               Hex            #####...     1%          3    #......
c - Tukima's Dance        Hex            #####...     1%          3    #......
d - Dazzling Spray        Conj/Hex       ####..       3%          3    #......
e - Blink                 Tloc           N/A          22%         2    None


Dungeon Overview and Level Annotations

Branches:
Dungeon (12/15)            Temple (1/1) D:5            Lair (6/6) D:11
  Swamp (3/4) Lair:4       Spider (0/4) Lair:2        Slime (0/5) Lair:6
    Orc: D:9-12

Altars:
Dithmenos
Xom
Yredelemnul

Shops:
D:7 }

Annotations:
D:10 Fannar
D:12 Rupert; letownia's ghost, journeyman DDNe
Swamp:3 exclusion: oklob plant


Innate Abilities, Weirdness & Mutations

You revert to your normal form in water.
You are very nimble and swift while swimming.
You are very stealthy in the water. (Stealth+)
You have a pair of small horns on your head.
You are partially covered in yellow scales. (AC +2)
You are resistant to hostile enchantments. (MR+)
Your natural rate of healing is unusually fast.


Message History

Your legs become a tail as you enter the water.
Your +0 pair of boots melds into your body.
You feel sick.
The briar patch crumbles away. x2
Your +0 pair of boots unmelds from your body.
The briar patch crumbles away.
The spriggan rider closely misses you. x2
You feel sick.
The thorn hunter gestures.
Thorny briars emerge from the ground!
The spriggan rider hits you from afar with an uncursed spear!
As you read the scroll of teleportation, it crumbles to dust.
You feel strangely unstable.
You feel sick.
The spriggan rider hits you from afar with an uncursed spear!
* * * LOW HITPOINT WARNING * * *
The thorn hunter fires a volley of thorns at you.
The volley of thorns hits you!
* * * LOW HITPOINT WARNING * * *
You feel much better.
You feel sick.
The thorn hunter fires a volley of thorns at you.
The volley of thorns hits you!
You die...

≈≈≈.♣♣..≈.....#.≈..P.≈≈(≈♣
≈≈≈.♣♣♣.......#....≈.≈..♣♣
♣≈.♣♣♣♣≈..≈≈..#.≈...§♣.♣♣
.≈♣♣ ♣.#......#..§≈≈.(.♣♣
≈♣♣ ♣.##....##.≈..≈.≈≈.♣
♣♣ ♣♣..##..##...♣......♣ ♣
♣.≈..###....≈i....≈♣♣ ♣
♣♣≈.......♣♣f♣§♣...♣
♣....≈.♣♣♣♣@♣♣♣♣PP♣♣
♣♣.♣..♣♣ ♣♣.♣


♣PPPP♣ ♣♣♣..♣♣ ♣.♣♣ ♣♣≈.♣♣ ♣.≈.♣♣♣.♣ ♣♣...≈♣ ♣♣.≈♣♣≈.♣ ♣.≈..≈♣ ♣.≈.PPP♣ ♣♣.♣§♣♣
♣.♣♣♣♣P♣♣ ♣♣♣♣♣ ♣♣..♣♣...♣♣ ♣≈≈≈♣♣.≈.≈♣♣♣ You could see a thorn hunter and a
spriggan rider.

Vanquished Creatures
  Frances (Swamp:2)
  A thorn hunter (Swamp:2)
  Harold (Lair:1)
  6 hydras
  A ghost crab (Swamp:2)
  A catoblepas (Lair:3)
  4 alligators (Swamp:1)
  2 two-headed ogres
  5 death yaks
  5 spriggans
  Sonja (D:11)
  Nergalle (Lair:2)
  A fire crab (Lair:6)
  A spriggan druid (Swamp:2)
  The ghost of Kosschaser the Cutter, a novice MfEn of Dithmenos (D:8)
  The ghost of BreadTh the Ruffian, a novice TrAs of Okawaru (D:6)
  A shambling mangrove (Swamp:3)
  A wolf spider (Lair:6)
  2 cyclopes (D:11)
  3 ugly things (D:11)
  A guardian serpent (Lair:6)
  11 spiny frogs
  7 black mambas
  A rime drake (Lair:5)
  5 komodo dragons
  An ancient zyme (Abyss:3)
  3 trolls
  A queen bee (D:11)
  2 tyrant leeches
  9 polar bears (Lair:6)
  13 hornets
  A raiju (Lair:6)
  6 blink frogs
  A hippogriff (D:8)
  4 dream sheep (Lair:5)
  3 shadows (Swamp:2)
  4 redbacks (Lair:6)
  21 yaks
  16 wyverns
  A basilisk (Lair:3)
  A human (shapeshifter) (D:11)
  2 vampire mosquitoes (Swamp:1)
  A hungry ghost (D:9)
  A neqoxec (Abyss:3)
  5 swamp worms
  The ghost of Kosschaser the Sneak, an amateur MfEn of Dithmenos (D:4)
  3 wargs (Lair:6)
  20 water moccasins
  A floating eye (D:11)
  13 hell hounds (Lair:6)
  14 black bears
  3 swamp drakes
  2 ice beasts
  15 porcupines
  4 phantoms
  5 orc warriors
  2 eyes of draining (D:11)
  5 ogres
  22 wolves
  11 centaurs
  9 crocodiles
  3 big kobolds
  A wyvern zombie (D:6)
  12 bullfrogs
  A gnoll sergeant (D:6)
  A wyvern skeleton (D:9)
  6 scorpions
  27 killer bees
  7 wights
  4 crimson imps
  4 howler monkeys
  3 bullfrog zombies
  A centaur zombie (D:9)
  3 orc priests
  A jelly (D:10)
  7 hounds
  9 iguanas
  5 orc wizards
  2 bullfrog skeletons
  3 centaur skeletons
  Jessica (D:2)
  15 worker ants
  Natasha (thrice) (D:2)
  A hound zombie (D:7)
  A hound skeleton (D:6)
  A worker ant zombie (D:7)
  Robin (D:3)
  4 gnolls
  16 adders
  2 howler monkey skeletons
  3 oozes
  An adder zombie (D:5)
  4 worms
  2 dart slugs
  7 leopard geckos
  31 orcs
  4 ball pythons
  9 giant cockroaches
  34 goblins
  16 hobgoblins
  14 jackals
  31 kobolds
  5 quokkas
  6 bats
  3 frilled lizards
  A jackal skeleton (D:5)
  2 quokka zombies
  11 rats
  A butterfly (Lair:5)
  A fungus (Lair:6)
622 creatures vanquished.

Vanquished Creatures (collateral kills)
  2 two-headed ogres
  An orc warrior (D:10)
  An ogre (D:6)
  A jelly (D:8)
  3 gnolls
8 creatures vanquished.

Vanquished Creatures (others)
  A thorn hunter (Swamp:1)
  An alligator (Swamp:1)
  2 black mambas
  2 spiny frogs (Lair:6)
  A rime drake (Lair:5)
  2 wyverns
  4 yaks
  3 hell hounds (Lair:6)
  A warg (Lair:6)
  A small abomination (Abyss:3)
  5 dancing weapons
  2 wolves
  An ice beast (D:11)
  2 centaurs (D:11)
  A crocodile (Lair:6)
  A bullfrog (Lair:2)
  A worker ant (Lair:2)
  2 briar patches (Swamp:2)
  19 fungi
  51 plants
103 creatures vanquished.

Grand Total: 733 creatures vanquished

Notes
Turn   | Place    | Note
-------+----------+-------------------------------------------
     0 | D:1      | Kosschaser the Merfolk Enchanter began the quest for the Orb.
     0 | D:1      | Reached XP level 1. HP: 13/13 MP: 3/3
   341 | D:1      | Reached XP level 2. HP: 13/19 MP: 5/5
   982 | D:1      | Reached XP level 3. HP: 6/24 MP: 6/6
  1610 | D:2      | Noticed Jessica
  1630 | D:2      | Killed Jessica
  1630 | D:2      | Reached skill level 1 in Fighting
  1630 | D:2      | Reached skill level 4 in Stealth
  1630 | D:2      | Reached XP level 4. HP: 6/32 MP: 7/7
  1850 | D:2      | Learned a level 3 spell: Confuse
  1854 | D:2      | Learned a level 3 spell: Tukima's Dance
  2792 | D:2      | Noticed Natasha
  2797 | D:2      | Killed Natasha
  2797 | D:2      | Reached XP level 5. HP: 24/37 MP: 8/8
  2959 | D:2      | Noticed Natasha
  2975 | D:2      | Killed Natasha
  2997 | D:2      | Noticed Natasha
  3226 | D:2      | Killed Natasha
  3681 | D:2      | Reached XP level 6. HP: 35/44 MP: 9/9
  4914 | D:3      | Noticed Robin
  5271 | D:3      | Killed Robin
  5453 | D:4      | Noticed Kosschaser's ghost (amateur MfEn)
  5491 | D:4      | Killed Kosschaser's ghost
  5491 | D:4      | Reached XP level 7. HP: 49/51 MP: 9/11
  5542 | D:4      | Reached skill level 5 in Short Blades
  6293 | D:4      | Reached skill level 5 in Dodging
  6293 | D:4      | Reached skill level 5 in Stealth
  6506 | D:4      | Found a shimmering altar of Xom.
  6859 | D:5      | Entered Level 5 of the Dungeon
  7010 | D:5      | Found a staircase to the Ecumenical Temple.
  7022 | Temple   | Entered the Ecumenical Temple
  7029 | Temple   | Became a worshipper of Dithmenos the Shadowed
  7063 | D:5      | Reached XP level 8. HP: 49/58 MP: 10/12
  7458 | D:5      | Reached skill level 1 in Armour
  8094 | D:6      | Noticed BreadTh's ghost (novice TrAs)
  9166 | D:6      | HP: 1/60 [wyvern zombie (9)]
  9420 | D:6      | Learned a level 3 spell: Dazzling Spray
  9471 | D:6      | Reached XP level 9. HP: 60/65 MP: 9/15
  9569 | D:6      | HP: 3/65 [BreadTh's ghost (4)]
 10324 | D:7      | HP: 3/65 [poisoned by a killer bee]
 10332 | D:7      | HP: 3/65 [poisoned by a killer bee]
 10668 | D:7      | Found Wooxaov's Gadget Shop.
 10744 | D:7      | Reached * piety under Dithmenos
 10869 | D:7      | Reached skill level 5 in Hexes
 10975 | D:7      | Reached skill level 6 in Stealth
 11677 | D:8      | Noticed Kosschaser's ghost (novice MfEn)
 12354 | D:9      | Reached skill level 5 in Spellcasting
 12384 | D:9      | Noticed a troll
 12436 | D:10     | Entered Level 10 of the Dungeon
 12702 | D:9      | Killed a troll
 12702 | D:9      | Reached skill level 1 in Conjurations
 12702 | D:9      | Reached XP level 10. HP: 41/73 MP: 4/17
 12808 | D:10     | Reached ** piety under Dithmenos
 12986 | D:9      | Reached skill level 7 in Stealth
 13019 | D:9      | Reached skill level 5 in Fighting
 13583 | D:9      | Learned a level 2 spell: Blink
 13747 | D:8      | Noticed a two-headed ogre
 13863 | D:8      | Killed a two-headed ogre
 14007 | D:8      | Noticed a two-headed ogre
 14044 | D:8      | Killed a two-headed ogre
 14394 | D:8      | Killed Kosschaser's ghost
 14394 | D:8      | Reached skill level 10 in Short Blades
 14768 | D:6      | Killed BreadTh's ghost
 14768 | D:6      | Reached XP level 11. HP: 81/81 MP: 11/20
 14789 | D:6      | Reached skill level 8 in Stealth
 14874 | D:10     | Noticed Fannar
 15441 | D:10     | Noticed a deep elf mage
 15729 | D:10     | Noticed a two-headed ogre
 15752 | D:10     | Killed a two-headed ogre
 16347 | D:11     | Found a staircase to the Lair.
 16486 | D:12     | Reached *** piety under Dithmenos
 16565 | D:12     | Noticed Rupert
 16614 | D:12     | Noticed letownia's ghost (journeyman DDNe)
 16636 | D:11     | Found a flagged portal.
 16664 | Bailey   | Entered a bailey
 16670 | Bailey   | Identified a scroll of acquirement
 16671 | Bailey   | Got a pitted lapis lazuli ring
 16673 | Bailey   | Identified the ring of Dim Light {*Slow +Inv rF+ rC+ Dex+9} (You acquired it in a bailey)
 16819 | Bailey   | Found an iron altar of Okawaru.
 17075 | D:11     | Reached **** piety under Dithmenos
 17318 | D:11     | Reached skill level 9 in Stealth
 17344 | D:11     | Noticed a cyclops
 17347 | D:11     | Noticed a two-headed ogre
 17359 | D:11     | Killed a cyclops
 17374 | D:11     | Killed a two-headed ogre
 17374 | D:11     | Reached skill level 1 in Evocations
 17374 | D:11     | Paralysed by a floating eye for 2 turns
 17384 | D:11     | Noticed a cyclops
 17429 | D:11     | Killed a cyclops
 17461 | D:11     | Noticed a red ugly thing
 17468 | D:11     | Killed a cyan ugly thing
 17470 | D:11     | Noticed a white ugly thing
 17478 | D:11     | Killed a white ugly thing
 17478 | D:11     | Reached skill level 10 in Stealth
 17664 | D:11     | Reached XP level 12. HP: 67/89 MP: 22/22
 17806 | D:11     | Noticed Sonja
 17815 | D:11     | Killed Sonja
 18191 | D:11     | Gained mutation: Your mind is acute. (Int +2) [mutagenic meat]
 18192 | D:11     | Gained mutation: Your spells are a little easier to cast, but a little less powerful. [mutagenic meat]
 18477 | D:11     | Cast into level 3 of the Abyss (a distortion unwield)
 18568 | D:11     | Escaped the Abyss
 18711 | Lair:1   | Entered Level 1 of the Lair of Beasts
 19005 | Lair:1   | Reached skill level 10 in Dodging
 19017 | Lair:1   | Noticed Harold
 19117 | Lair:1   | Killed Harold
 19117 | Lair:1   | Reached skill level 11 in Stealth
 20000 | Lair:2   | Noticed Nergalle
 20016 | Lair:2   | Killed Nergalle
 20200 | Lair:2   | Got a smelly leather armour
 20211 | Lair:2   | Identified the +1 leather armour of Intercession {rElec MP+9 Str-4} (You found it on level 2 of the Lair of Beasts)
 20433 | Lair:2   | Reached ***** piety under Dithmenos
 20648 | Lair:2   | Found a hole to the Spider Nest.
 20669 | Lair:2   | Reached skill level 12 in Stealth
 20920 | Lair:2   | Reached XP level 13. HP: 96/96 MP: 24/24
 21567 | Lair:3   | Reached skill level 13 in Stealth
 22396 | Lair:4   | Found a staircase to the Swamp.
 24414 | Lair:6   | Entered Level 6 of the Lair of Beasts
 24446 | Lair:5   | Reached skill level 14 in Stealth
 25414 | Lair:6   | Reached XP level 14. HP: 74/106 MP: 20/26
 25889 | Lair:6   | Lost mutation: Your spells are a little easier to cast, but a little less powerful. [mutagenic meat]
 25996 | Lair:6   | Found a staircase to the Slime Pits.
 26165 | Lair:6   | Lost mutation: Your mind is acute. (Int +2) [potion of mutation]
 26165 | Lair:6   | Gained mutation: You are partially covered in yellow scales. (AC +2) [potion of mutation]
 26165 | Lair:6   | Gained mutation: You have an increased reservoir of magic. (+10% MP) [potion of mutation]
 26165 | Lair:6   | Gained mutation: You have a pair of small antennae on your head. [potion of mutation]
 26165 | Lair:6   | Gained mutation: You are resistant to hostile enchantments. (MR+) [potion of mutation]
 26439 | Lair:6   | Reached skill level 15 in Stealth
 27800 | Swamp:1  | Entered Level 1 of the Swamp
 27962 | Swamp:1  | Reached skill level 10 in Hexes
 28280 | Swamp:1  | Noticed a thorn hunter
 28343 | Swamp:2  | Noticed Frances
 28346 | Swamp:2  | Killed Frances
 28390 | Swamp:2  | Noticed a thorn hunter
 28394 | Swamp:2  | Killed a thorn hunter
 28394 | Swamp:2  | Reached skill level 16 in Stealth
 28486 | Swamp:2  | Reached XP level 15. HP: 113/113 MP: 28/31
 28667 | Swamp:3  | Noticed a thorn hunter
 28672 | Swamp:3  | Gained mutation: Potions are less effective at restoring your health. [mutagenic glow]
 28788 | Swamp:2  | Lost mutation: You have a pair of small antennae on your head. [potion of mutation]
 28788 | Swamp:2  | Lost mutation: Potions are less effective at restoring your health. [potion of mutation]
 28788 | Swamp:2  | Lost mutation: You have an increased reservoir of magic. (+10% MP) [potion of mutation]
 28788 | Swamp:2  | Gained mutation: You have a pair of small horns on your head. [potion of mutation]
 28788 | Swamp:2  | Gained mutation: Your natural rate of healing is unusually fast. [potion of mutation]
 28840 | Swamp:2  | Noticed a thorn hunter
 29140 | Swamp:2  | Noticed a thorn hunter
 29166 | Swamp:2  | HP: 5/113 [thorn hunter/volley of thorns (37)]
 29295 | Swamp:1  | Banished a thorn hunter
 29723 | Swamp:2  | Killed from afar by a thorn hunter

Skill      XL: |  1  2  3  4  5  6  7  8  9 10 11 12 13 14 |
---------------+-------------------------------------------+-----
Dodging        | 3 4 5 7 8 9 10 11 12 | 12.3
Fighting       | 1 2 3 4 6 7 8 9 |  9.2
Short Blades   | 2 3 4 6 7 9 10 11 | 11.2
Stealth        | 4 5 6 7 10 12 14 16 | 16.6
Spellcasting   | 3 4 5 6 7 8 9 |  9.5
Hexes          | 4 5 6 7 8 9 10 | 10.4
Armour         | 2 3 4 |  4.3
Conjurations   | 1 2 |  2.3
Evocations     | 1 3 4 |  4.6
Invocations    | |  0.9

Action                   |  1- 3 |  4- 6 |  7- 9 | 10-12 | 13-15 || total
-------------------------+-------+-------+-------+-------+-------++-------
Melee: Dagger            |   146 |    74 |   567 |  1501 |   722 ||  3010
       Short sword       |       |    56 |       |       |       ||    56
       Rapier            |       |   300 |   440 |    94 |       ||   834
       Tailslap          |       |     5 |       |     4 |    15 ||    24
       Headbutt          |       |       |       |       |    10 ||    10
 Cast: Confuse           |       |    19 |    50 |    68 |    73 ||   210
       Tukima's Dance    |       |       |     8 |    18 |       ||    26
       Dazzling Spray    |       |       |     7 |    33 |    45 ||    85
       Blink             |       |       |       |     1 |       ||     1
Invok: Shadow Step       |       |       |       |       |     4 ||     4
 Abil: Evoke Invisibilit |       |       |       |    10 |    10 ||    20
Evoke: Wand              |       |       |       |       |     1 ||     1
  Use: Potion            |       |     1 |     1 |     3 |     5 ||    10
       Scroll            |       |       |     8 |    17 |    19 ||    44
 Stab: Sleeping          |     5 |     8 |    10 |    31 |    61 ||   115
       Confused          |       |     4 |    23 |    35 |    28 ||    90
       Distracted        |       |     1 |     1 |     7 |    11 ||    20
       Invisible         |       |       |     3 |    44 |    38 ||    85
  Eat: Chunk             |     2 |    13 |    22 |    31 |    25 ||    93
       Royal jelly       |       |     1 |     1 |     1 |     1 ||     4
       Meat ration       |       |       |     2 |     1 |     1 ||     4
Armor: Robe              |    18 |    73 |    41 |       |       ||   132
       Leather armour    |       |       |   108 |       |     3 ||   111
       Troll leather arm |       |       |       |   199 |    65 ||   264
Dodge: Dodged            |   109 |   353 |   636 |  1106 |   757 ||  2961
